 Dungeon Crawl Stone Soup version 0.27-a0-1502-g47ed6a6988 (webtiles) character file.

Game seed: 2607746615510434486

487 Tocho the Ogre Mage (level 7, -7/62 HPs)
             Began as an Ogre Fire Elementalist on July 8, 2021.
             Was an Initiate of Vehumet.
             Mangled by a hornet (10 damage)
             ... on level 7 of the Dungeon.
             The game lasted 00:14:49 (5520 turns).

Tocho the Ogre Mage (Ogre Fire Elementalist)        Turns: 5520, Time: 00:14:52

Health: -7/62      AC:  5    Str: 12 (14) XL:     7   Next: 13%
Magic:  11/13      EV: 10    Int: 16 (17) God:    Vehumet [......]
Gold:   304        SH:  0    Dex:  9      Spells: 6/14 levels left

rFire    . . .     SeeInvis .   c - +0 club
rCold    . . .     Faith    .   (no shield)
rNeg     . . .     Spirit   .   a - +1 robe
rPois    .         Reflect  .   (helmet restricted)
rElec    .         Harm     .   (no cloak)
rCorr    .         Rampage  .   (gloves unavailable)
Will     +....     Rnd*Rage +   (boots unavailable)
Stlth    +.........             (no amulet)
HPRegen  0.20/turn              (no ring)
MPRegen  0.13/turn              (no ring)

@: attractive, slowed, very slow
A: large, unfitting armour, tough skin 1, berserk 1, deterioration 1,
strong-willed 1, shaggy fur 1
a: Renounce Religion


You were on level 7 of the Dungeon.
You worshipped Vehumet.
Vehumet was noncommittal.
You visited 1 branch of the dungeon, and saw 6 of its levels.

You collected 304 gold pieces.

Inventory:

Hand Weapons
 c - a +0 club (weapon)
Missiles
 i - 2 atropa-tipped darts
Armour
 a - a +1 robe (worn)
Jewellery
 q - an amulet of the acrobat
Wands
 e - a wand of mindburst (17)
 k - a wand of flame (12)
 n - a wand of iceblast (10)
 t - a wand of polymorph (10)
Scrolls
 d - a scroll of enchant weapon {unknown}
 f - a scroll of magic mapping {unknown}
 g - 8 scrolls of identify {unknown}
 j - 2 scrolls of noise {unknown}
 m - 2 scrolls of enchant armour
 o - a scroll of fear {unknown}
Potions
 b - a potion of might
 r - a potion of curing
 s - a potion of lignification {unknown}
 u - a potion of haste {unknown}


   Skills:
 + Level 1.6 Fighting
 + Level 1.3 Maces & Flails
 + Level 3.0 Dodging
 - Level 1.4 Stealth
 + Level 4.4 Spellcasting
 + Level 3.0 Conjurations
 + Level 4.4 Fire Magic


You had 6 spell levels left.
You knew the following spells:

 Your Spells              Type           Power      Damage    Failure   Level
a - Foxfire               Conj/Fire      60%        2x1d7     3%          1
b - Magic Dart            Conj           52%        1d5       4%          1
c - Shock                 Conj/Air       32%        1d5       9%          1
d - Slow                  Hex            3%         N/A       24%         2
e - Conjure Flame         Conj/Fire      15%        6-21      11%         3

Your spell library contained the following spells:

 Spells                   Type           Power      Damage    Failure   Level
 Inner Flame              Hex/Fire       10%        N/A       19%         3
 Call Imp                 Summ           3%         N/A       24%         2
 Mephitic Cloud           Conj/Pois/Air  6%         N/A       32%         3
 Sticky Flame             Conj/Fire      15%        2d4       34%         4
 Confusing Touch          Hex            3%         N/A       43%         3
 Swiftness                Air            3%         N/A       43%         3
 Fireball                 Conj/Fire      7%         3d5       67%         5
 Airstrike                Air            1%         N/A       85%         4
 Yara's Violent Unravell  Hex/Tmut       1%         3d3       99%         5


Dungeon Overview and Level Annotations

Branches:
Dungeon (5/15)
 Temple: D:4-7

Altars:
Vehumet

Shops:
D:1 =   D:2 !

Annotations:
D:3 3 runed translucent doors, Tocho's ghost, amateur PaFi
D:5 Dowan; Duvessa; Grinder; Ijyb


Innate Abilities, Weirdness & Mutations

You are too large for most types of armour.
You have tough skin. (AC +1)
You tend to lose your temper in combat.
Your body sometimes deteriorates upon taking damage.
You are strong-willed. (Will+)
You are covered in fur. (AC +1)


Message History

You feel as though you will be slow longer.
You feel very sick. The hornet stings you.
You feel as though you will be slow longer.
A kobold comes into view. It is wielding a +0 short sword.
You can move again.
You feel very sick.
The foxfire hits the hornet.
The hornet is moderately wounded.
The hornet stings you!
* * * LOW HITPOINT WARNING * * *
You feel as though you will be slow longer.
It was a potion of heal wounds.
You feel much better.
You feel very sick.
The hornet stings you but does no damage.
The hornet closely misses you.
The kobold brigand throws a curare-tipped dart.
The curare-tipped dart closely misses you.
The hornet stings you!
Your body deteriorates!
You feel weakened.
You feel as though you will be slow longer.
You feel sick. The hornet stings you!
* * * LOW HITPOINT WARNING * * *
Your body deteriorates!
You feel dopey.
You feel as though you will be slow longer.
It was a potion of attraction.
You feel attractive to monsters.
You feel sick. The hornet barely misses you. The hornet stings you.
* * * LOW HITPOINT WARNING * * *
You are more poisoned.
You feel as though you will be slow longer.
The kobold hits you with a +0 dagger.
* * * LOW HITPOINT WARNING * * *
The kobold is pulled toward you!
It was a potion of curing.
You feel better. The hornet closely misses you.
A kobold comes into view.
It is wielding a +0 dagger and quivering poisoned darts.
The kobold brigand hits you with a +0 club!
* * * LOW HITPOINT WARNING * * *
The kobold hits you but does no damage. The hornet stings you!
You die...

#.#.# . .... ## .#.#.#.# #.#
.....K.. .. ##..
#.#.#.#.#.#.....
..............#
#.#.#.#.#.#.#.#.##
..........KyKK.....#
#.#.#.#.#.#@#.#.#...
..[...............## .#
.#.#.#.#.#.#.#.#.#.# ##.#
..................#......
#.#.#.#.#.#.#.#.#.# .....
.................##.....(...
.#.#.#.#.#.#.#.#.##........#
.....................>....#
#.#.#.#.#.#.#.#.#.######..≈≈


You could see a hornet, a kobold brigand and 3 kobolds.

Vanquished Creatures
  Prince Ribbit (D:5)
  A black bear (D:3)
  A scorpion (D:4)
  A howler monkey skeleton (D:5)
  4 gnolls
  3 adders
  A shadow imp (D:4)
  3 worms
  5 orcs (D:3)
  A bat (D:2)
  9 endoplasms
  4 giant cockroaches
  5 goblins
  2 hobgoblins (D:2)
  3 jackals (D:1)
  3 kobolds (D:2)
  A quokka (D:3)
  6 ball pythons
  3 frilled lizards
  2 quokka skeletons (D:4)
  3 rats (D:2)
62 creatures vanquished.

Vanquished Creatures (others)
  302 foxfires
  2 fungi (D:3)
  2 plants (D:3)
306 creatures vanquished.

Grand Total: 368 creatures vanquished

Notes
Turn   | Place    | Note
-------+----------+-------------------------------------------
     0 | D:1      | Tocho the Ogre Fire Elementalist began the quest for the
                  | Orb.
     0 | D:1      | Reached XP level 1. HP: 16/16 MP: 3/3
   474 | D:1      | Found Sec Itre's Jewellery Boutique.
   503 | D:1      | Reached XP level 2. HP: 18/24 MP: 1/5
   930 | D:2      | Reached skill level 1 in Conjurations
  1119 | D:2      | Found Vaifo's Distillery.
  1184 | D:2      | Reached XP level 3. HP: 29/31 MP: 1/6
  1981 | D:2      | Found a faded altar of an unknown god.
  2140 | D:3      | Noticed a black bear
  2149 | D:3      | Killed a black bear
  2150 | D:3      | Reached XP level 4. HP: 40/40 MP: 0/8
  2150 | D:3      | Reached XP level 5. HP: 46/46 MP: 0/9
  2806 | D:3      | Found a radiant altar of Vehumet.
  2824 | D:3      | Became a worshipper of Vehumet
  2994 | D:3      | Learned a level 1 spell: Magic Dart
  2996 | D:3      | Learned a level 1 spell: Shock
  3022 | D:3      | Reached skill level 1 in Fighting
  3022 | D:3      | Reached skill level 1 in Maces & Flails
  3612 | D:3      | Found a runed translucent gate.
  3612 | D:3      | Found a runed translucent gate.
  3616 | D:3      | Noticed a kobold brigand
  3616 | D:3      | Noticed Tocho's ghost (amateur PaFi)
  3618 | D:3      | Found a runed translucent gate.
  3973 | D:4      | Reached XP level 6. HP: 52/55 MP: 2/11
  4358 | D:5      | Entered Level 5 of the Dungeon
  4362 | D:5      | Noticed Duvessa
  4362 | D:5      | Noticed Dowan
  4382 | D:4      | Gained mutation: You tend to lose your temper in combat.
                  | [potion of mutation]
  4382 | D:4      | Gained mutation: Your mind is acute. (Int +2) [potion of
                  | mutation]
  4382 | D:4      | Gained mutation: Your body sometimes deteriorates upon
                  | taking damage. [potion of mutation]
  4382 | D:4      | Gained mutation: You are covered in fur. (AC +1) [potion of
                  | mutation]
  4382 | D:4      | HP: 2/55 [poisoned by Duvessa]
  4879 | D:4      | Lost mutation: Your mind is acute. (Int +2) [potion of
                  | mutation]
  4879 | D:4      | Lost mutation: Your body sometimes deteriorates upon taking
                  | damage. [potion of mutation]
  4879 | D:4      | Gained mutation: Your body sometimes deteriorates upon
                  | taking damage. [potion of mutation]
  4879 | D:4      | Gained mutation: You are frail. (-10% HP) [potion of
                  | mutation]
  4879 | D:4      | Lost mutation: You are frail. (-10% HP) [potion of
                  | mutation]
  4879 | D:4      | Gained mutation: You are strong-willed. (Will+) [potion of
                  | mutation]
  5079 | D:5      | Noticed Prince Ribbit
  5087 | D:5      | Killed Prince Ribbit
  5088 | D:5      | Reached XP level 7. HP: 62/62 MP: 5/13
  5425 | D:5      | Learned a level 2 spell: Slow
  5429 | D:5      | Learned a level 3 spell: Conjure Flame
  5451 | D:5      | Noticed Grinder
  5451 | D:5      | Noticed Ijyb
  5453 | D:5      | You fall into a shaft and drop 2 floors!
  5510 | D:7      | Noticed a hornet
  5513 | D:7      | Paralysed by a hornet for 3 turns
  5519 | D:7      | HP: 3/62 [hornet (4)]
  5519 | D:7      | HP: 1/62 [kobold (2)]
  5520 | D:7      | Mangled by a hornet

Illustrated notes

Levels and vault maps discovered:
D:1:      saegor_arrival_simple_e, layout_basic, serial_shops, shop
D:2:      layout_basic, dreamdust_ecumenical_altar_angels_and_demons,
          serial_shops, nicolae_shop_trees, st_stairs_9, minmay_misc_feat_tower,
          grunt_ministairs_1
D:3:      layout_rooms, vehumet_altar_wand_db, gammafunk_ghost_nasty_kobolds,
          serial_curves, eino_curves_01, eino_curves_04
D:4:      cheibrodos_old_hovel, layout_rooms
D:5:      layout_basic, mainiacjoe_overflow_catwalk,
          minmay_temple_entry_slanted, uniq_prince_ribbit1, uniq_grinder,
          uniq_duvessa, uniq_ijyb
D:7:      layout_rooms, gammafunk_ghost_grave, hex_large,
          kennysheep_opposing_triangles

Skill      XL: |  1  2  3  4  5  6 |
---------------+-------------------+-----
Dodging        | 2 3 |  3.0
Fire Magic     | 3 4 |  4.4
Conjurations   | 1 2 3 |  3.0
Spellcasting   | 3 4 |  4.4
Fighting       | 1 |  1.6
Maces & Flails | 1 |  1.3
Stealth        | |  1.4

Action                   |  1- 3 |  4- 6 |  7- 9 || total
-------------------------+-------+-------+-------++-------
Melee: Club              |    62 |    66 |     4 ||   132
 Cast: Foxfire           |    71 |   102 |     7 ||   180
       Shock             |       |       |     8 ||     8
  Use: Scroll            |     4 |       |     2 ||     6
       Potion            |       |     4 |     3 ||     7
 Stab: Sleeping          |     1 |       |       ||     1
Armor: Robe              |    35 |    19 |     5 ||    59
Dodge: Dodged            |    43 |    48 |     8 ||    99

Table legend: (Time is in decaauts)
 A = Elapsed time spent in this place.
 B = Non-inter-level travel time spent in this place.
 C = Inter-level travel time spent in this place.
 D = Time resting spent in this place.
 E = Time spent auto-exploring this place.
 F = Levels seen in this place.
 G = Mean time per level.
                   A        B        C        D        E       F      G
               +--------+--------+--------+--------+--------+-----+--------+
         Total |   5558 |   5473 |     85 |    998 |   3709 |   6 |  926.3 |
       Dungeon |   5558 |   5473 |     85 |    998 |   3709 |   6 |  926.3 |
               +--------+--------+--------+--------+--------+-----+--------+

Top non-repeatable levels by time:
     D:2: 1577 daAuts
     D:3: 1253 daAuts
     D:4: 1197 daAuts
     D:1: 924 daAuts
     D:5: 536 daAuts
     D:7: 69 daAuts
